AoeStats
← StormBlessed

Arena

510340391Analyzed
1v1 RM · 1d ago on Sep 30, 2026· 26m 37s· 2 players
Game mode
Random Map
Map size
Tiny (2 player)
Population
200
Speed
Normal
Resources
Standard
Victory
Conquest
Starting age
Dark Age
Ending age
Imperial Age
RankedLock teamsTeams togetherTeam positionsShared explorationLock speedFull tech treeHidden civsTurbo modeCheats
Victory
Defeat
🇵🇪 Franks · Peru
955
+15
🇺🇸 Lithuanians · United States
927
-15
StormBlessed
11:08 Feudal Age
12:04 Double-Bit Axe
13:34 Wheelbarrow
15:03 Castle Age
13:08 Horse Collar
20:03 Loom
24:34 Scale Barding Armor
larc87
9:58 Feudal Age
15:59 Castle Age
14:15 Double-Bit Axe
14:48 Scale Mail Armor
19:46 Chain Mail Armor
20:30 Forging
23:28 Loom
Connection lost

Rejoining the realm…

Still unreachable

The connection could not be restored.

Session expired

The server has moved on; the page needs a fresh start.